 Dungeon Crawl Stone Soup version 0.30-a0-702-gdf48620a09 (webtiles) character file.

Game seed: 7651410513705062089

502 Leeroy the Slasher (level 7, 0/40 HPs)
             Began as a Tengu Warper on Jan 21, 2023.
             Was a Priest of Uskayaw.
             Slain by an orc wizard
             ... wielding a +0 long sword
              (9 damage)
             ... on level 6 of the Dungeon.
             The game lasted 00:09:08 (3882 turns).

Leeroy the Slasher (Tengu Warper)                   Turns: 3882, Time: 00:09:08

Health: 0/40       AC:  5    Str: 12    XL:     7   Next: 17%
Magic:  16/20      EV: 13    Int: 13    God:    Uskayaw [***...]
Gold:   141        SH:  0    Dex: 15    Spells: 2/10 levels left

rFire   . . .      SeeInvis .    I - +2 scimitar (freeze)
rCold   . . .      Faith    .    (no shield)
rNeg    . . .      Spirit   .    e - +0 ring mail
rPois   .          Reflect  .    (helmet restricted)
rElec   .          Harm     .    (no cloak)
rCorr   .          Rampage  .    (no gloves)
Will    .....                    (boots unavailable)
Stlth   +                        (no amulet)
HPRegen 0.26/turn                G - ring of wizardry
MPRegen 0.17/turn                D - ring of magical power

@: on blink cooldown, flying quickly and evasively, quick
A: beak, talons 3, nimble flight
a: Renounce Religion, Stomp, Line Pass


You were on level 6 of the Dungeon.
You worshipped Uskayaw.
Uskayaw was noncommittal.
You visited 2 branches of the dungeon, and saw 7 of its levels.

You collected 141 gold pieces.

Inventory:

Hand Weapons
 a - a +0 falchion
 y - a +1 short sword of distortion
 E - a +0 heavy mace
 H - a +0 long sword
 I - a +2 scimitar of freezing (weapon)
Missiles
 d - 7 boomerangs of dispersal
 r - 24 poisoned darts (quivered)
 v - 6 atropa-tipped darts
Armour
 b - a +0 leather armour
 e - a +0 ring mail (worn)
 x - a +0 buckler
Magical Staves
 m - a staff of conjuration
 A - a staff of poison
Jewellery
 k - a ring of see invisible
 D - a ring of magical power (right hand)
 G - a ring of wizardry (left hand)
Wands
 B - a wand of flame (20)
Scrolls
 c - a scroll of blinking
 n - a scroll of torment {unknown}
 q - a scroll of noise {unknown}
 s - 2 scrolls of magic mapping {unknown}
 w - a scroll of enchant weapon {unknown}
 C - a scroll of silence {unknown}
 F - a scroll of identify {unknown}
 J - a scroll of amnesia {unknown}
Potions
 f - a potion of brilliance {unknown}
 g - a potion of berserk rage {unknown}
 h - a potion of attraction {unknown}
 i - 2 potions of curing {unknown}
 j - 2 potions of haste
 l - 3 potions of might {unknown}
 o - a potion of mutation {unknown}
 p - 3 potions of degeneration {unknown}
 t - a potion of lignification {unknown}
 u - a potion of magic {unknown}
 z - 2 potions of flight {unknown}


   Skills:
 - Level 2.0 Fighting
 - Level 7.2 Long Blades
 - Level 1.0 Throwing
 - Level 1.1 Armour
 - Level 2.1 Dodging
 - Level 2.0 Spellcasting
 - Level 2.4 Translocations
 * Level 4.6 Air Magic


You had 2 spell levels left.
You knew the following spells:

 Your Spells              Type           Power      Damage    Failure   Level
a - Blink                 Tloc           14%        N/A       13%         2
b - Kindle Blastsparks    Fire/Tloc/Air  14%        2d11      26%         3
c - Vhi's Electric Charg  Tloc/Air       20%        N/A       16%         3

Your spell library contained the following spells:

 Spells                   Type           Power      Damage    Failure   Level
 Lesser Beckoning         Tloc           14%        N/A       13%         2
 Teleport Other           Tloc           7%         N/A       26%         3
 Inner Flame              Hex/Fire       1%         N/A       52%         3
 Manifold Assault         Tloc           7%         N/A       61%         4
 Iskenderun's Mystic Bla  Conj/Tloc      4%         2d3       77%         4
 Cause Fear               Hex            0%         N/A       89%         4
 Fulminant Prism          Conj/Hex       0%         3d5       89%         4
 Lee's Rapid Deconstruct  Erth           0%         3d4*      99%         5
 Discord                  Hex            0%         N/A       100%        8


Dungeon Overview and Level Annotations

Branches:
Dungeon (7/15)             Temple (1/1) D:7

Altars:
Ashenzari
Dithmenos
Elyvilon
Fedhas
Gozag
Kikubaaqudgha
Makhleb
Nemelex Xobeh
Okawaru
Qazlal
Ru
Sif Muna
Trog
Uskayaw
Wu Jian
Yredelemnul
The Shining One

Shops:
D:6 =

Annotations:
D:2 Terence


Innate Abilities, Weirdness & Mutations

You have a beak for a mouth.
You have claws for feet.
Your magical nature lets you fly swiftly and evasively.


Message History

Casting: Kindle Blastsparks (quite dangerous; 26% risk of failure)
Confirm with . or Enter, or press ? or * to list all spells.
The spell is quite dangerous to miscast (17% risk of failure)!
Continue anyway?
Charge where?
Press: ? - help, Dir - move target, f - orc wizard
Aim: an orc wizard, wielding a +0 dagger and wearing a +0 robe (73% to hit)
You charge forward with an electric crackle!
You closely miss the orc wizard. Your kick misses the orc wizard.
The orc wizard casts a spell.
The orc wizard flickers and vanishes!
Deactivating autopickup; reactivate with Ctrl-A.
The orc wizard misses you.
You barely miss the orc wizard. You claw the orc wizard.
Your peck misses the orc wizard.
The orc wizard is lightly wounded.
The orc wizard closely misses you.
You slash the orc wizard! You freeze the orc wizard.
Your kick misses the orc wizard.
The orc wizard is severely wounded.
The orc wizard points at you and mumbles some strange words.
The puff of flame hits you.
Uskayaw will force your foes to helplessly watch your dance.
Uskayaw prepares the audience for your solo!
The helpless orc wizard fails to defend itself.
You slice the orc wizard!! You freeze the orc wizard.
You kill the orc wizard!
Things that are here:
a +0 dagger; a +0 robe You miss something.
Your kick misses something. Your peck misses something. You miss something.
Your kick misses something. Something hits you.
The orc hits you but does no damage.
You barely miss something. Something hits you. The orc hits you with a +0 whip.
* * * LOW HITPOINT WARNING * * *
Okay, then.
Casting: Vhi's Electric Charge (dangerous; 16% risk of failure)
Confirm with . or Enter, or press ? or * to list all spells.
You blink.
An orc comes into view. It is wielding a +0 dagger.
Something hits you!
You die...

.......##..... .#
##.....>#########.#
#.........o.......#
#......o########..#
#.#..##......# #..#
#.#..##...##.###..# #####
#
#..#.......#....###.....
#..#.#.....#............
#..#.#.@#..#.######.....
#..#.#o....#............
#......ยง##.#######?.....
#.##..........####......
.................#......
#....########.####......
####. . #...... #.
#...... ##.....


You could see 2 orcs.

Vanquished Creatures
  A water moccasin (D:7)
  A phantom (D:6)
  A scorpion (D:4)
  A wight (D:7)
  Jessica (D:3)
  An iguana (D:7)
  An orc wizard (D:6)
  3 adders
  A shadow imp (D:4)
  An ufetubus (D:6)
  2 worms
  3 dart slugs
  2 orcs
  9 bats
  5 endoplasms
  4 giant cockroaches
  9 goblins
  5 hobgoblins
  9 kobolds
  4 quokkas
  8 ball pythons
  A frilled lizard (D:1)
  4 rats
77 creatures vanquished.

Notes
Turn   | Place    | Note
-------+----------+-------------------------------------------
     0 | D:1      | Leeroy the Tengu Warper began the quest for the Orb.
     0 | D:1      | Reached XP level 1. HP: 12/12 MP: 4/4
    94 | D:1      | Reached skill level 3 in Long Blades
    94 | D:1      | Reached XP level 2. HP: 15/17 MP: 6/6
   240 | D:1      | Reached XP level 3. HP: 21/21 MP: 7/7
   799 | D:1      | Reached skill level 4 in Long Blades
  1114 | D:2      | Reached XP level 4. HP: 22/26 MP: 8/8
  1701 | D:3      | Learned a level 2 spell: Blink
  1705 | D:3      | Learned a level 3 spell: Kindle Blastsparks
  1731 | D:3      | Noticed Jessica
  1734 | D:3      | Killed Jessica
  1735 | D:3      | Reached skill level 5 in Long Blades
  1959 | D:3      | Noticed Terence
  2377 | D:3      | Gained mutation: Your magical nature lets you fly swiftly
                  | and evasively. [Tengu growth]
  2377 | D:3      | Reached XP level 5. HP: 30/30 MP: 9/9
  2625 | D:4      | Reached skill level 6 in Long Blades
  2910 | D:4      | Found a hide-covered altar of Uskayaw.
  2918 | D:4      | Became a worshipper of Uskayaw the Reveller
  2921 | D:4      | Found a broken altar of Ashenzari.
  2921 | D:4      | Found a shimmering blue altar of Sif Muna.
  2921 | D:4      | Found a burning altar of Makhleb.
  2948 | D:4      | Found a basalt altar of Yredelemnul.
  3099 | D:4      | You are sucked into a shaft and drop 3 floors!
  3136 | D:7      | Reached * piety under Uskayaw
  3142 | D:7      | Learned a level 3 spell: Vhi's Electric Charge
  3155 | D:7      | Reached ** piety under Uskayaw
  3156 | D:7      | Reached skill level 1 in Air Magic
  3156 | D:7      | Reached XP level 6. HP: 30/35 MP: 10/10
  3277 | D:7      | Noticed a water moccasin
  3283 | D:7      | Killed a water moccasin
  3284 | D:7      | Reached skill level 7 in Long Blades
  3336 | D:7      | Found a staircase to the Ecumenical Temple.
  3351 | Temple   | Entered the Ecumenical Temple
  3594 | D:7      | Found an ornate altar of the Wu Jian Council.
  3810 | D:6      | Found Hitueqou's Jewellery Boutique.
  3845 | D:6      | Noticed Maggie
  3874 | D:6      | Reached XP level 7. HP: 22/40 MP: 11/11
  3876 | D:6      | Reached *** piety under Uskayaw
  3882 | D:6      | Slain by an orc wizard

Illustrated notes

Levels and vault maps discovered:
D:1:      dpeg_arrival_circle_labyrinth_a, layout_loops_ring, chequers_garden
D:2:      layout_loops_ring
D:3:      layout_rooms, uniq_terence, uniq_jessica
D:4:      layout_loops_corners, minitemple
D:6:      layout_basic, serial_shops, shop, uniq_maggie
D:7:      cheibrodos_wizards_tower, layout_cave_pods,
          mainiacjoe_overflow_surrounded_room, overflow_temple_1_default,
          minmay_temple_entry_overgrown
Temple:   bh_familiar_temple

Skill      XL: |  1  2  3  4  5  6 |
---------------+-------------------+-----
Long Blades    | 3 4 5 6 7 |  7.2
Air Magic      | 1 4 |  4.6
Fighting       | |  2.0
Throwing       | |  1.0
Armour         | |  1.1
Dodging        | |  2.1
Spellcasting   | |  2.0
Translocations | |  2.4

Action                   |  1- 3 |  4- 6 |  7- 9 || total
-------------------------+-------+-------+-------++-------
Melee: Falchion          |    70 |    93 |       ||   163
       Kick              |    14 |    29 |     1 ||    44
       Peck              |     7 |    16 |       ||    23
       Scimitar          |       |    15 |     7 ||    22
Throw: Dart              |       |     5 |       ||     5
 Cast: Kindle Blastspark |       |     6 |       ||     6
       Blink             |       |       |     1 ||     1
       Vhi's Electric Ch |       |       |     1 ||     1
  Use: Scroll            |       |     3 |       ||     3
 Stab: Sleeping          |     1 |       |       ||     1
       Paralysed         |       |       |     1 ||     1
Armor: Ring mail         |    18 |    24 |     1 ||    43
Dodge: Dodged            |    32 |    61 |     2 ||    95

Table legend: (Time is in decaauts)
 A = Elapsed time spent in this place.
 B = Non-inter-level travel time spent in this place.
 C = Inter-level travel time spent in this place.
 D = Time resting spent in this place.
 E = Time spent auto-exploring this place.
 F = Levels seen in this place.
 G = Mean time per level.
                   A        B        C        D        E       F      G
               +--------+--------+--------+--------+--------+-----+--------+
         Total |   3790 |   3621 |    169 |    177 |   2672 |   7 |  541.4 |
       Dungeon |   3625 |   3474 |    151 |    177 |   2530 |   6 |  604.2 |
        Temple |    164 |    147 |     17 |      0 |    141 |   1 |  164.0 |
               +--------+--------+--------+--------+--------+-----+--------+

Top non-repeatable levels by time:
     D:1: 922 daAuts
     D:2: 873 daAuts
     D:3: 712 daAuts
     D:4: 552 daAuts
     D:7: 495 daAuts
  Temple: 164 daAuts
     D:6: 68 daAuts
